[Event "Team 45 45 League T88"]
[Site "Internet Chess Club"]
[Date "2021.05.06"]
[Round "5"]
[White "BrianWood"]
[Black "Grenadier"]
[Result "0-1"]
[WhiteElo "1409"]
[BlackElo "1571"]
[Opening "Caro-Kann: Steinitz variation"]
[ECO "B17"]
[Time "20:00:53"]
[TimeControl "2700+45"]

1. e4 c6 2. d4 d5 3. Nc3 dxe4 4. Nxe4 Nd7 5. Nf3 Ngf6 6. Nxf6+ Nxf6 7. Bc4 Bf5
8. O-O e6 9. c3 Be7 10. Ne5 h6 11. Bf4 O-O 12. h3 Qb6 13. Qb3 Rad8 14. Qxb6 axb6
15. Rfd1 Nd5 16. Bxd5 exd5 17. g4 Bc8 18. f3 Bh4 19. Nd3 Rfe8 20. Bc7 Rd7 21.
Bxb6 Rde7 22. Bc5 Re2 23. Bd6 R8e3 {White resigns} 0-1

[Event "Team 45 45 League T88"]
[Site "Internet Chess Club"]
[Date "2021.05.05"]
[Round "5"]
[White "GoIrish"]
[Black "cap78red"]
[Result "0-1"]
[WhiteElo "1261"]
[BlackElo "1390"]
[Opening "Neo-Grünfeld, 6.O-O"]
[ECO "D77"]
[Time "12:00:38"]
[TimeControl "2700+45"]

1. d4 Nf6 2. Nf3 g6 3. g3 d5 4. Bg2 Bg7 5. O-O O-O 6. c4 Nc6 7. b3 h6 8. Bb2 Be6
9. Nbd2 Ne4 10. cxd5 Bxd5 11. e3 Nxd2 12. Qxd2 e5 13. dxe5 Re8 14. e6 Bxf3 15.
exf7+ Kxf7 16. Qxd8 Raxd8 17. Bxf3 Bxb2 18. Bxc6 bxc6 19. Rab1 Rd2 20. Rfd1 Red8
21. Rxd2 Rxd2 22. Kf1 Ke6 23. Ke1 Bc3 24. Kf1 Rxa2 25. Rc1 Ra1 26. Rxa1 Bxa1 27.
Ke2 Kd5 28. Kd3 a5 29. f3 Bf6 30. e4+ Kc5 31. f4 Be7 32. Kc3 g5 33. h3 h5 34. f5
Bf6+ 35. Kd3 Kb4 36. Kc2 c5 37. g4 h4 {White resigns} 0-1

[Event "Team 45 45 League T88"]
[Site "Internet Chess Club"]
[Date "2021.05.06"]
[Round "5"]
[White "trogers41"]
[Black "seattleblues"]
[Result "1/2-1/2"]
[WhiteElo "1283"]
[BlackElo "1332"]
[Opening "Caro-Kann: advance variation"]
[ECO "B12"]
[Time "20:02:45"]
[TimeControl "2700+45"]

1. e4 c6 2. d4 d5 3. e5 Bf5 4. Nf3 e6 5. Be2 Nd7 6. O-O c5 7. c3 Rc8 8. Nbd2 Ne7
9. Nh4 Bg6 10. Nxg6 Nxg6 11. f4 Be7 12. Nf3 c4 13. Qc2 O-O 14. f5 exf5 15. Qxf5
Nb6 16. Bg5 Nh4 17. Bxe7 Nxf5 18. Bxd8 Rcxd8 19. Ng5 g6 20. Bg4 Ne3 21. Bh3 Nxf1
22. Rxf1 Rde8 23. g3 Kg7 24. Rf6 h6 25. Nf3 Rd8 26. Ne1 Na4 27. b3 cxb3 28. axb3
Nxc3 29. Bf1 Ne4 30. Rf4 Rc8 31. Bg2 Rc1 32. Kf1 Nd2+ 33. Ke2 Nxb3 34. Bxd5 Na5
35. Kd2 Rc7 36. Nd3 Nc4+ 37. Ke2 Nb6 38. Bf3 Rc2+ 39. Kf1 Rd2 40. Nc5 g5 41. Re4
Rb8 42. h4 f5 43. exf6+ Kxf6 44. hxg5+ hxg5 45. Re6+ Kg7 46. Re7+ Kf8 47. Rxb7
Rxb7 48. Bxb7 Rd1+ 49. Ke2 Rg1 50. Kf2 Ra1 51. Ne6+ Ke7 52. Nxg5 Ra2+ 53. Kf3
Ra3+ 54. Kg4 Nc4 55. Ne4 Ne3+ 56. Kf4 Ng2+ 57. Ke5 Ra5+ 58. d5 Ne3 59. Bc6 Nc4+
60. Kf5 Ne3+ 61. Ke5 Nc4+ 62. Kf5 Ne3+ 63. Ke5 Nc4+ 64. Kf5 {Game drawn by
repetition} 1/2-1/2

[Event "Team 45 45 League T88"]
[Site "Internet Chess Club"]
[Date "2021.05.07"]
[Round "5"]
[White "Portola"]
[Black "fvafier"]
[Result "0-1"]
[WhiteElo "1718"]
[BlackElo "1509"]
[Opening "Torre attack (Tartakower variation)"]
[ECO "D03"]
[Time "09:00:54"]
[TimeControl "2700+45"]

1. d4 d5 2. Nf3 Nf6 3. Bg5 e6 4. e3 c5 5. c3 Nc6 6. Bd3 h6 7. Bh4 Be7 8. Nbd2
O-O 9. O-O c4 10. Bc2 b5 11. Qe2 b4 12. Ba4 Qc7 13. Bxc6 Qxc6 14. Ne5 Qc7 15.
cxb4 Bxb4 16. a3 Bd6 17. Bg3 a5 18. Rfc1 Ba6 19. Qd1 Qb7 20. Rab1 Rfc8 21. Qf3
Qe7 22. Qd1 Rcb8 23. Nc6 Qc7 24. Nxb8 Rxb8 25. Bxd6 Qxd6 26. Qf3 a4 27. Qd1 Bb5
28. h3 Bd7 29. Qf3 e5 30. dxe5 Qxe5 31. Qg3 Qxg3 32. fxg3 Bf5 33. Ra1 Rxb2 34.
g4 Bd3 35. Nf3 Be4 36. Rc3 Kf8 37. Rf1 Ke7 38. Rf2 Rb3 39. Rxb3 axb3 40. Nd4 Nd7
41. Nb5 Nc5 42. Nc3 f6 43. Rd2 Ke6 44. Kf1 Nd3 45. Rd1 Ke5 46. a4 d4 47. exd4+
Kxd4 48. Ne2+ Kc5 49. Nc3 Bc6 50. Ra1 Kb4 51. Ne2 b2 52. Rb1 c3 53. Nd4 Bxa4 54.
Ke2 Kc4 55. Ke3 Nb4 56. Ne2 Bc2 57. Nxc3 Kxc3 58. Rxb2 Kxb2 59. Kf3 Nd5 60. h4
Kc3 61. g5 hxg5 62. hxg5 f5 63. Kg3 g6 64. Kh4 Kd4 65. g3 Ke3 66. Kh3 Bd1 67.
Kh4 Nc3 68. Kh3 Ne2 69. Kg2 Bc2 70. Kh3 Kf3 71. Kh4 Nxg3 72. Kh3 Ne4 73. Kh4 f4
74. Kh3 Ke2 {White resigns} 0-1

[Event "Team 45 45 League T88"]
[Site "Internet Chess Club"]
[Date "2021.05.09"]
[Round "5"]
[White "dalmata"]
[Black "justice02"]
[Result "1-0"]
[WhiteElo "1566"]
[BlackElo "1670"]
[Opening "QGD Slav defense"]
[ECO "D10"]
[Time "11:00:12"]
[TimeControl "2700+45"]

1. d4 d5 2. c4 c6 3. Nc3 a6 4. Bf4 Nf6 5. e3 g6 6. cxd5 Nxd5 7. Bc4 Nxf4 8. exf4
Bg7 9. Nge2 O-O 10. O-O Qb6 11. Bb3 Rd8 12. d5 Bg4 13. Qc2 Bxe2 14. Qxe2 Qc7 15.
Qc4 Bxc3 16. Qxc3 Qxf4 17. Rad1 Qc7 18. Qf3 c5 19. Qxf7+ Kxf7 20. d6+ {Black
resigns} 1-0

[Event "Team 45 45 League T88"]
[Site "Internet Chess Club"]
[Date "2021.05.10"]
[Round "5"]
[White "rubo"]
[Black "Denis240964"]
[Result "1-0"]
[WhiteElo "1510"]
[BlackElo "1455"]
[Opening "Queen's pawn, Mason variation, Steinitz counter-gambit"]
[ECO "D00"]
[Time "17:00:42"]
[TimeControl "2700+45"]

1. d4 d5 2. Bf4 c5 3. e3 e6 4. c3 Nc6 5. Nd2 Nf6 6. Bd3 c4 7. Bc2 Be7 8. Ngf3
O-O 9. Ne5 Nd7 10. h4 Ncxe5 11. dxe5 f5 12. exf6 Nxf6 13. Be5 Bd6 14. Nxc4 Bxe5
15. Nxe5 b6 16. Qd3 Qd6 17. f4 Bb7 18. O-O-O Rfd8 19. Qe2 Rac8 20. g4 Rc7 21. g5
Ne8 22. Qh5 g6 23. Qe2 Ng7 24. Rdg1 d4 25. Rh3 dxc3 26. Rd1 cxb2+ 27. Kb1 Qe7
28. Rxd8+ Qxd8 29. Kxb2 Qd5 30. Qd3 Nf5 31. Qxd5 Bxd5 32. e4 Nd4 33. Bb1 Bb7 34.
Rd3 Ne2 35. Rd8+ Kg7 36. f5 exf5 37. exf5 gxf5 38. Bxf5 Re7 39. Ng4 Bf3 40. Nh6
Nf4 41. Rg8# {Black checkmated} 1-0

[Event "Team 45 45 League T88"]
[Site "Internet Chess Club"]
[Date "2021.05.09"]
[Round "5"]
[White "Megasus"]
[Black "nosir"]
[Result "0-1"]
[WhiteElo "1450"]
[BlackElo "1419"]
[Opening "Queen's pawn game, Darooha variation "]
[ECO "D02"]
[Time "18:01:04"]
[TimeControl "2700+45"]

1. Nf3 Nf6 2. d4 d5 3. h3 e6 4. e3 b6 5. c3 Bb7 6. Ne5 Bd6 7. Qa4+ c6 8. Nd2 O-O
9. Ndf3 Qc7 10. Qc2 Nbd7 11. Ng4 Ne4 12. Bd3 Ndf6 13. Nxf6+ Nxf6 14. g4 e5 15.
g5 Nh5 16. Bxh7+ Kh8 17. Bf5 e4 18. Bg4 Nf4 19. exf4 exf3 20. Qf5 Rae8+ 21. Be3
Bxf4 22. Kd2 Bxe3+ 23. fxe3 Re7 24. g6 Kg8 25. Raf1 fxg6 26. Qxg6 Rf6 27. Qh5 f2
28. Bf5 Rh6 29. Qg4 Qd6 30. Rxf2 Rf6 31. Rhf1 Ba6 32. Bh7+ Kxh7 33. Rxf6 gxf6
34. Qh5+ Kg8 35. Rg1+ Rg7 36. Qe8+ Qf8 37. Qe6+ Kh8 38. Rxg7 Qxg7 39. Qe8+ Qg8
40. Qh5+ Kg7 41. Qg4+ Kf7 42. Qd7+ Kg6 43. Qg4+ Kh7 44. Qh5+ Kg7 45. Qg4+ Kf7
46. Qd7+ Kf8 47. Qd8+ Kg7 48. Qc7+ Qf7 49. Qg3+ Qg6 50. Qc7+ Kh6 51. Qf4+ Qg5
52. Qf2 Bc8 53. h4 Qf5 54. Qg3 Qg4 55. Qd6 Qg2+ 56. Kc1 Qf1+ 57. Kd2 Ba6 58.
Qf8+ Kg6 59. Qg8+ Kf5 60. Qh7+ Kg4 61. Qg6+ Kxh4 62. Qh6+ Kg3 63. Qg6+ Kh2 64.
Qh6+ Kg1 65. Qg6+ Qg2+ 66. Qxg2+ Kxg2 67. b3 f5 68. a3 Kf2 69. b4 Bb5 {White
resigns} 0-1

[Event "Team 45 45 League T88"]
[Site "Internet Chess Club"]
[Date "2021.05.08"]
[Round "5"]
[White "ascoli"]
[Black "Signofthetimes"]
[Result "0-1"]
[WhiteElo "1697"]
[BlackElo "1629"]
[Opening "Caro-Kann: closed (Breyer) variation"]
[ECO "B10"]
[Time "01:37:22"]
[TimeControl "2700+45"]

1. e4 c6 2. d3 d5 3. Nd2 e5 4. Ngf3 Bg4 5. g3 Nf6 6. Bg2 dxe4 7. dxe4 Bb4 8. c3
Ba5 9. O-O Bb6 10. Qe1 Nbd7 11. Nc4 Bxf3 12. Nd6+ Ke7 13. Nf5+ Kf8 14. Bxf3 Qc7
15. Qd2 h6 16. Rd1 Rd8 17. Qe2 Kg8 18. Qc4 Nc5 19. Be3 Ne6 20. Bxb6 Qxb6 21. Rd6
Kh7 22. Rad1 Rxd6 23. Nxd6 Qc7 24. Kg2 Kg6 25. h4 h5 26. Nf5 Rd8 27. Qe2 Rxd1
28. Qxd1 Nc5 29. Qe2 Qd7 30. Qe3 Ncxe4 31. Bxe4 Nxe4 32. Ne7+ Qxe7 33. Qxe4+ f5
34. Qe3 b6 35. f3 c5 36. g4 hxg4 37. fxg4 Qxh4 38. gxf5+ Kxf5 39. Qf3+ Qf4
{White resigns} 0-1

[Event "Team 45 45 League T88"]
[Site "Internet Chess Club"]
[Date "2021.05.08"]
[Round "5"]
[White "scostanzo212"]
[Black "Constrictor"]
[Result "0-1"]
[WhiteElo "1528"]
[BlackElo "1533"]
[Opening "QGD Slav: Dutch variation"]
[ECO "D18"]
[Time "11:01:57"]
[TimeControl "2700+45"]

1. d4 d5 2. c4 c6 3. Nf3 Nf6 4. Nc3 dxc4 5. a4 Bf5 6. e3 e6 7. Bxc4 Bb4 8. O-O
O-O 9. Qb3 a5 10. Nh4 Bg6 11. Nxg6 hxg6 12. Na2 Bd6 13. Qxb7 Qc7 14. Qxa8 Bxh2+
15. Kh1 Ng4 16. Be2 Bg1 17. g3 Nxf2+ 18. Kg2 Ne4 19. Rf3 Bf2 20. Bd3 f5 21. Bxe4
Bxg3 22. Bxc6 Nxc6 23. Qa6 Bd6 24. Bd2 Kf7 25. Rh1 Rb8 26. Bc3 g5 27. Qf1 g4 28.
Rxf5+ exf5 29. Qxf5+ Kg8 30. Qe6+ Qf7 31. Qxf7+ Kxf7 32. e4 Nb4 33. Nc1 Nc2 34.
e5 Bb4 35. Ne2 Bxc3 36. bxc3 Rb2 37. Kg3 Ra2 38. d5 Ne3 39. Nf4 g5 40. e6+ Ke7
41. Rh7+ Kd6 42. Rd7+ Ke5 43. Ng6+ Kf6 44. Nf4 gxf4+ 45. Kxf4 Nxd5+ 46. Rxd5
Rxa4+ 47. Kg3 Kxe6 48. Rc5 Kd6 49. Rb5 Kc6 50. Rg5 Kb6 51. Re5 Rc4 52. Re3 a4
53. Re6+ Kc5 54. Re5+ Kd6 55. Ra5 Rxc3+ 56. Kxg4 Rc4+ 57. Kf3 Kc6 58. Ke2 Kb6
59. Ra8 Kb5 60. Rb8+ Ka5 61. Ra8+ Kb4 62. Rb8+ Kc3 63. Kd1 a3 64. Kc1 a2 65. Ra8
Kb3+ 66. Kd2 Rc2+ 67. Kd3 Rc3+ 68. Kd2 Rc4 69. Kd3 Ra4 70. Rb8+ Ka3 71. Kc2 a1=Q
72. Rb3+ Ka2 {White resigns} 0-1

[Event "Team 45 45 League T88"]
[Site "Internet Chess Club"]
[Date "2021.05.05"]
[Round "5"]
[White "Gojira"]
[Black "Kingofknights"]
[Result "0-1"]
[WhiteElo "1537"]
[BlackElo "1514"]
[Opening "Queen's pawn: Chigorin variation"]
[ECO "D00"]
[Time "18:00:33"]
[TimeControl "2700+45"]

1. d4 d5 2. Nc3 Nf6 3. Bf4 a6 4. e3 c5 5. dxc5 Qa5 6. Nf3 Nbd7 7. a3 Qxc5 8. Qd3
e6 9. b4 Qc6 10. Nd4 Qb6 11. Na4 Qd8 12. Nf3 Be7 13. c4 dxc4 14. Qxc4 Nb6 15.
Nxb6 Qxb6 16. Bc7 Qc6 17. Qxc6+ bxc6 18. Rc1 Bb7 19. Bb6 Nd5 20. Bc5 O-O 21. e4
Bxc5 22. exd5 Be7 23. dxc6 Rac8 24. Ne5 Rfd8 25. b5 axb5 26. Bxb5 Bxa3 27. Rc2
Bb4+ 28. Ke2 Rd5 29. Nd3 Rxb5 30. Rb1 Rxc6 31. Rxc6 Bxc6 32. f3 Bd6 33. Rc1 Bb7
{White resigns} 0-1

[Event "Team 45 45 League T88"]
[Site "Internet Chess Club"]
[Date "2021.05.10"]
[Round "5"]
[White "tightfist"]
[Black "rkjulianjr"]
[Result "1/2-1/2"]
[WhiteElo "1415"]
[BlackElo "1338"]
[Opening "Queen's pawn game, Darooha variation "]
[ECO "D02"]
[Time "12:02:54"]
[TimeControl "2700+45"]

1. Nf3 d5 2. d4 Nf6 3. g3 c6 4. Bg2 e6 5. O-O Nbd7 6. Bf4 Be7 7. Nc3 O-O 8. Qd3
Re8 9. e4 dxe4 10. Nxe4 Nxe4 11. Qxe4 Nf6 12. Qd3 Nd5 13. Bd2 f6 14. Rfe1 Bd6
15. a3 Qc7 16. Rac1 Ne7 17. c4 Ng6 18. d5 Bd7 19. dxe6 Rxe6 20. b4 Ne5 21. Nxe5
Rxe5 22. Rxe5 Bxe5 23. c5 Rd8 24. Qb3+ Kh8 25. Bc3 Re8 26. Bxe5 Qxe5 27. Rd1 Be6
28. Qb1 Bf5 29. Qa1 Qe6 30. Qd4 h6 31. Qb2 Bg4 32. Rc1 Rd8 33. Qc3 Rd1+ 34. Rxd1
Bxd1 35. Qd2 Bg4 36. Qd8+ Kh7 37. Qd3+ Bf5 38. Qd2 Qb3 39. Qc1 Qe6 40. Qd2 Qb3
41. Qc1 Qe6 42. Qd2 Qe5 43. Qc1 a6 44. Bf3 Qd4 45. Bg2 Qd3 46. Bf1 Qd4 47. Bg2
Qe5 48. Bf1 Be4 49. Bg2 Bxg2 50. Kxg2 Qd5+ 51. Kg1 Qb3 52. Qe3 Qd1+ 53. Kg2 Qd5+
54. Qf3 Qe5 55. Qd3+ Kg8 56. Qd8+ Kf7 57. Qd7+ Qe7 58. Qxe7+ Kxe7 59. Kf3 Ke6
60. Ke4 g6 61. g4 f5+ 62. gxf5+ gxf5+ 63. Kf4 Kf6 64. h3 Ke6 65. h4 Kf6 66. f3
Ke6 67. Ke3 Kf6 68. Kd4 Ke6 69. f4 Kf6 70. h5 Ke6 71. Kc4 Kf6 72. Kd4 {Game
drawn by mutual agreement} 1/2-1/2

[Event "Team 45 45 League T88"]
[Site "Internet Chess Club"]
[Date "2021.05.07"]
[Round "5"]
[White "Packerfan"]
[Black "primerpaso"]
[Result "1/2-1/2"]
[WhiteElo "1847"]
[BlackElo "1851"]
[Opening "English: symmetrical variation"]
[ECO "A16"]
[Time "14:34:12"]
[TimeControl "2700+45"]

1. c4 Nf6 2. Nc3 c5 3. g3 Nc6 4. Bg2 g6 5. d3 Bg7 6. e4 O-O 7. Nge2 d6 8. O-O
Rb8 9. h3 Ne8 10. Rb1 Nc7 11. a4 a6 12. Nd5 b5 13. Nec3 Nxd5 14. exd5 Nd4 15.
axb5 axb5 16. Be3 bxc4 17. dxc4 Qa5 18. Bxd4 cxd4 19. Nb5 Bf5 20. Ra1 Qb6 21.
Re1 e5 22. dxe6 Bxe6 23. b3 Bd7 24. Bf1 d5 25. g4 d3 26. Rb1 Bxb5 27. cxb5 Qxb5
28. Qxd3 Qxd3 29. Bxd3 Rb7 30. Red1 Rfb8 31. Bc2 Rc7 32. Rd2 Rb4 {Game drawn by
mutual agreement} 1/2-1/2

[Event "Team 45 45 League T88"]
[Site "Internet Chess Club"]
[Date "2021.05.09"]
[Round "5"]
[White "QuieroAprender"]
[Black "DeepPoo"]
[Result "1/2-1/2"]
[WhiteElo "1657"]
[BlackElo "1729"]
[Opening "Queen's bishop game"]
[ECO "D02"]
[Time "20:03:37"]
[TimeControl "2700+45"]

1. d4 d5 2. Nf3 Nf6 3. Bf4 c5 4. e3 a6 5. c3 Nc6 6. Bd3 cxd4 7. exd4 Nh5 8. Bg3
Nxg3 9. hxg3 Bg4 10. Nbd2 e6 11. Qc2 Bxf3 12. Nxf3 g6 13. Ne5 Nxe5 14. dxe5 b5
15. f4 Qb6 16. a3 Qe3+ 17. Kf1 Qxg3 18. Qd2 g5 19. fxg5 Be7 20. a4 Bxg5 21. Qe2
Qf4+ 22. Kg1 bxa4 23. Rh3 Qd2 24. Qxd2 Bxd2 25. Rxa4 a5 26. b4 Ke7 27. bxa5 Bxc3
28. a6 Bxe5 29. Rxh7 Rxh7 30. Bxh7 f5 31. g4 Rh8 32. gxf5 Kf6 33. a7 Ra8 34. Ra6
Bd4+ 35. Kg2 Kg7 36. fxe6 Bxa7 37. Bd3 Kf6 38. Kf3 Ke7 39. Kf4 Rf8+ 40. Ke5 Bf2
41. Kxd5 Rd8+ 42. Ke4 Rd4+ 43. Kf3 {Game drawn by mutual agreement} 1/2-1/2

[Event "Team 45 45 League T88"]
[Site "Internet Chess Club"]
[Date "2021.05.07"]
[Round "5"]
[White "Boxermam"]
[Black "Portola"]
[Result "1/2-1/2"]
[WhiteElo "1723"]
[BlackElo "1718"]
[Opening "French: Schlechter variation"]
[ECO "C01"]
[Time "17:00:27"]
[TimeControl "2700+45"]

1. e4 e6 2. d4 d5 3. Bd3 dxe4 4. Bxe4 Be7 5. Ne2 Nd7 6. O-O Ngf6 7. Bf3 O-O 8.
Ng3 c5 9. Nc3 a6 10. Be3 cxd4 11. Bxd4 Qc7 12. Qe2 Rb8 13. Rfd1 b5 14. Nce4 Bb7
15. Nxf6+ Bxf6 16. Ne4 Bxd4 17. Rxd4 Bxe4 18. Qxe4 Nf6 19. Qe2 Rfd8 20. Rad1
Rxd4 21. Rxd4 Rd8 22. Qd2 Rxd4 23. Qxd4 h6 24. c3 Qa5 25. a3 Qc7 26. g3 Kf8 27.
h4 Kg8 28. Kf1 Kf8 29. Kg1 Kg8 30. g4 e5 31. Qd3 Qe7 32. Be2 Ne8 33. Qg3 Nd6 34.
g5 hxg5 35. Qxg5 Qxg5+ 36. hxg5 f5 37. gxf6 gxf6 38. a4 Kf7 39. axb5 axb5 40.
Kf1 Ke6 41. Ke1 f5 42. Kd2 Kd5 43. f3 Kc5 44. Kc2 b4 45. cxb4+ Kxb4 46. Bd3 e4
47. fxe4 fxe4 48. Bxe4 Nxe4 49. Kd3 {Game drawn by mutual agreement} 1/2-1/2

[Event "Team 45 45 League T88"]
[Site "Internet Chess Club"]
[Date "2021.05.09"]
[Round "5"]
[White "andrew37"]
[Black "ivanson"]
[Result "1-0"]
[WhiteElo "1654"]
[BlackElo "1597"]
[Opening "King's Indian: orthodox variation"]
[ECO "E94"]
[Time "17:00:33"]
[TimeControl "2700+45"]

1. Nf3 Nf6 2. c4 g6 3. Nc3 Bg7 4. e4 d6 5. d4 O-O 6. Be2 e5 7. O-O Na6 8. Be3
Ng4 9. Bg5 Qe8 10. c5 dxc5 11. Bxa6 bxa6 12. Nd5 Qd7 13. h3 f6 14. Bh4 c6 15.
hxg4 cxd5 16. dxe5 dxe4 17. Qxd7 Bxd7 18. Nd2 e3 19. fxe3 fxe5 20. g5 Bb5 21.
Rf2 Rad8 22. Ne4 Rc8 23. Rc1 Rxf2 24. Bxf2 c4 25. b3 Rc6 26. bxc4 Rxc4 27. Rxc4
Bxc4 28. a3 Bf8 29. a4 Bb4 30. Bg3 Bb3 31. Bxe5 Bxa4 32. Nf6+ Kf7 33. Bd4 Bb3
34. Bxa7 a5 35. Bd4 a4 36. Kf2 Bc4 37. Nxh7 a3 38. Nf6 Bd2 39. Ne4 Bc1 40. Nd6+
Ke6 41. Nxc4 Kd5 42. Nb6+ Kc6 43. Na4 Kb5 44. Nc3+ Kc4 45. Nd1 Kb3 46. Ke2 Kc2
47. g3 Kb1 48. Kd3 a2 49. Nc3+ Ka1 50. Nxa2+ Kxa2 51. Bf6 Kb3 52. e4 {Black
resigns} 1-0

[Event "Team 45 45 League T88"]
[Site "Internet Chess Club"]
[Date "2021.05.06"]
[Round "5"]
[White "MacroPawn"]
[Black "fhunfi"]
[Result "1-0"]
[WhiteElo "1823"]
[BlackElo "1719"]
[Opening "English opening"]
[ECO "A20"]
[Time "22:00:39"]
[TimeControl "2700+45"]

1. c4 e5 2. g3 Nf6 3. Bg2 Nc6 4. Nc3 Bb4 5. Nd5 Be7 6. e3 Nxd5 7. cxd5 Nb4 8.
Qb3 c6 9. e4 c5 10. a3 Na6 11. Ne2 d6 12. O-O O-O 13. f4 exf4 14. Nxf4 Bf6 15.
d3 Qb6 16. Qc2 Bd7 17. Kh1 Qd8 18. Be3 Nc7 19. Rab1 Nb5 20. Ne2 Rc8 21. Qd1 Bg4
22. h3 Bxe2 23. Qxe2 Nd4 24. Qg4 Qe7 25. Rf2 Be5 26. Rbf1 f6 27. Kh2 Kh8 28. h4
Rc7 29. Bh3 c4 30. Qd1 cxd3 31. Qxd3 f5 32. Bxd4 {Black resigns} 1-0

[Event "Team 45 45 League T88"]
[Site "Internet Chess Club"]
[Date "2021.05.09"]
[Round "5"]
[White "walkover"]
[Black "gera-carp75"]
[Result "0-1"]
[WhiteElo "1728"]
[BlackElo "1877"]
[Opening "Scandinavian (center counter) defense"]
[ECO "B01"]
[Time "14:00:40"]
[TimeControl "2700+45"]

1. e4 d5 2. exd5 Qxd5 3. Nc3 Qd8 4. d4 Nf6 5. Nf3 Bg4 6. Be2 e6 7. h3 Bh5 8. O-O
c6 9. Ne5 Bxe2 10. Qxe2 Nbd7 11. Re1 Be7 12. Bf4 O-O 13. Rad1 Nd5 14. Nxd5 cxd5
15. c4 Bb4 16. Rf1 Nf6 17. c5 Ba5 18. Bg5 h6 19. Bxf6 gxf6 20. Ng4 Kg7 21. Rd3
Bc7 22. f4 f5 23. Ne5 Qh4 24. Kh2 Bxe5 25. Qxe5+ Kh7 26. g3 Qe7 27. Re1 Qd7 28.
Re2 Rg8 29. Rc3 Rg7 30. Rec2 Rag8 31. Qd6 Qa4 32. Qe5 Qxa2 33. Qe1 Qa4 34. Qd1
a6 35. Qd3 Qa1 36. g4 Kh8 37. Ra3 Qb1 38. Rg2 Qxd3 39. Rxd3 fxg4 40. hxg4 Rxg4
41. Rxg4 Rxg4 42. Rb3 Rxf4 43. Rxb7 Rxd4 44. c6 Rc4 45. c7 Kg7 46. b3 Rc6 47. b4
Kf6 48. Kg2 Ke5 49. Kf3 f5 50. Ke2 Kd6 51. Rb6 Kxc7 {White resigns} 0-1

[Event "Team 45 45 League T88"]
[Site "Internet Chess Club"]
[Date "2021.05.06"]
[Round "5"]
[White "evan7284"]
[Black "tacticaltal"]
[Result "0-1"]
[WhiteElo "1663"]
[BlackElo "1641"]
[Opening "Queen's pawn, Mason variation"]
[ECO "D00"]
[Time "14:30:23"]
[TimeControl "2700+45"]

1. d4 d5 2. Bf4 Nf6 3. e3 c5 4. c3 Qb6 5. Qb3 c4 6. Qxb6 axb6 7. h3 Nc6 8. Nd2
b5 9. Ngf3 b4 10. Ne5 bxc3 11. bxc3 Bd7 12. Be2 e6 13. O-O b5 14. Rfb1 b4 15.
Nxc6 bxc3 16. Nf3 Bxc6 17. Rb8+ Rxb8 18. Bxb8 Ba4 19. a3 c2 {White resigns} 0-1

[Event "Team 45 45 League T88"]
[Site "Internet Chess Club"]
[Date "2021.05.08"]
[Round "5"]
[White "gduranko"]
[Black "dabodhi"]
[Result "0-1"]
[WhiteElo "1439"]
[BlackElo "1575"]
[Opening "Queen's pawn"]
[ECO "A40"]
[Time "16:09:50"]
[TimeControl "2700+45"]

1. d4 e6 2. e3 f5 3. Nf3 Nf6 4. Bd3 b6 5. Nbd2 Bb7 6. c3 Be7 7. Qc2 d5 8. Ne5
O-O 9. Rg1 Nbd7 10. Nxd7 Qxd7 11. Nf3 Rac8 12. Ne5 Qe8 13. Be2 c5 14. g4 fxg4
15. Nxg4 Ne4 16. f3 Bh4+ 17. Kd1 Ng5 18. Ne5 Nh3 19. Rg2 Rc7 20. Bd2 cxd4 21.
exd4 Nf4 22. Rg4 g5 23. Bxf4 Rxf4 24. Rxf4 gxf4 25. Kd2 Bf2 26. Ng4 Bxd4 27. Qd3
Bg7 28. Rg1 Kh8 29. Nf2 e5 30. Qb5 Bc6 31. Qb3 Ba4 32. Qa3 e4 33. fxe4 dxe4 34.
Kc1 e3 35. Nd3 Rf7 36. Rf1 Qc6 37. Nxf4 Qe4 38. b4 Qc2# {White checkmated} 0-1

[Event "Team 45 45 League T88"]
[Site "Internet Chess Club"]
[Date "2021.05.09"]
[Round "5"]
[White "dabodhi"]
[Black "DaveTheRook"]
[Result "1-0"]
[WhiteElo "1586"]
[BlackElo "1447"]
[Opening "Robatsch defense: Pseudo-Austrian attack"]
[ECO "B06"]
[Time "13:04:36"]
[TimeControl "2700+45"]

1. e4 g6 2. d4 d6 3. Nc3 Bg7 4. f4 c6 5. Be3 Nf6 6. Nf3 Bg4 7. h3 Bxf3 8. Qxf3
O-O 9. O-O-O Qc7 10. e5 Ne8 11. Bd3 d5 12. h4 h5 13. f5 Kh7 14. fxg6+ fxg6 15.
Qxh5+ Kg8 16. Bxg6 Nf6 17. exf6 Rxf6 18. Qh7+ Kf8 19. Rdf1 Qg3 20. Rxf6+ exf6
21. Bd2 Qxg2 22. Re1 Nd7 23. Bh6 Bxh6+ 24. Qxh6+ Kg8 25. Qh7+ {Black resigns}
1-0

[Event "Team 45 45 League T88"]
[Site "Internet Chess Club"]
[Date "2021.05.10"]
[Round "5"]
[White "seattleblues"]
[Black "GoIrish"]
[Result "0-1"]
[WhiteElo "1328"]
[BlackElo "1429"]
[Opening "King's Indian, 3.Nf3"]
[ECO "E61"]
[Time "07:07:25"]
[TimeControl "2700+45"]

1. d4 Nf6 2. Nf3 g6 3. c4 Bg7 4. Nc3 O-O 5. Bf4 d6 6. e3 Nbd7 7. Be2 c6 8. O-O
Nh5 9. Bg5 h6 10. Bh4 g5 11. Nd2 Nhf6 12. Bg3 e5 13. dxe5 dxe5 14. Qc2 Qe7 15.
Rad1 Re8 16. Nde4 Nxe4 17. Nxe4 Nf6 18. Nd6 Rd8 19. c5 Ne8 20. Nxf7 Rxd1 21.
Rxd1 Qxf7 22. Rd8 Bf5 23. Bc4 Bxc2 24. Bxf7+ Kxf7 25. Rxa8 b5 26. Rxa7+ Ke6 27.
b4 Bf6 28. f3 e4 29. Ra6 Kd5 30. fxe4+ Bxe4 31. Ra8 Ng7 32. Rf8 Bc3 33. Rd8+ Kc4
34. a3 Kb3 35. Ra8 Bb2 36. Ra7 Nf5 37. Be1 Bxa3 38. Rd7 Bd5 39. Rxd5 cxd5 40. c6
Ne7 41. c7 Bxb4 42. Bg3 Nc8 43. Kf2 Bd6 44. Bxd6 Nxd6 45. Ke2 Kc2 46. e4 dxe4
47. Ke3 b4 48. Kd4 b3 49. Kd5 Nc8 50. Kc6 b2 51. Kd7 b1=Q 52. Kxc8 Kd2 53. Kd8
Qc2 {White resigns} 0-1

[Event "Team 45 45 League T88"]
[Site "Internet Chess Club"]
[Date "2021.05.08"]
[Round "5"]
[White "arconia"]
[Black "SeniorCitizen"]
[Result "0-1"]
[WhiteElo "1178"]
[BlackElo "1229"]
[Opening "French defense"]
[ECO "C00"]
[Time "13:01:09"]
[TimeControl "2700+45"]

1. e4 e6 2. Nf3 d5 3. e5 c5 4. Be2 Nc6 5. O-O Qc7 6. c3 Nge7 7. d4 cxd4 8. cxd4
Nf5 9. a3 Bd7 10. b4 Qb6 11. Bb2 g6 12. b5 Na5 13. a4 Bg7 14. h3 O-O 15. Ba3
Rfc8 16. g4 Nh6 17. Nh4 Qd8 18. Ng2 b6 19. Nd2 f6 20. f4 f5 21. g5 Nf7 22. h4
Nc4 23. h5 Nh8 24. Nh4 Nxa3 25. Rxa3 Bf8 26. Rh3 Be8 27. Rf2 Rc7 28. hxg6 Nxg6
29. Nxg6 Bxg6 30. Bh5 Qe8 31. Rfh2 Rac8 32. Nb3 Rc3 33. Bxg6 Qxg6 34. Qh5 Rxh3
35. Rxh3 Rc4 36. Qxg6+ hxg6 37. a5 Bb4 38. Rh6 Kg7 39. axb6 axb6 40. Rh2 Rc3 41.
Ra2 Rxb3 42. Ra7+ Kg8 43. Ra8+ Bf8 44. Re8 Kf7 45. Ra8 Rxb5 46. Ra7+ Be7 47. Kf2
Rb3 48. Ke2 b5 49. Kd2 b4 50. Kc2 Rg3 51. Rb7 Rf3 {White resigns} 0-1

[Event "Team 45 45 League T88"]
[Site "Internet Chess Club"]
[Date "2021.05.05"]
[Round "5"]
[White "dwmt"]
[Black "Fulmar"]
[Result "0-1"]
[WhiteElo "1166"]
[BlackElo "1168"]
[Opening "Scotch game"]
[ECO "C45"]
[Time "19:03:34"]
[TimeControl "2700+45"]

1. e4 e5 2. Nf3 Nc6 3. d4 exd4 4. Nxd4 Qf6 5. Nxc6 Qxc6 6. Qd3 Bc5 7. Qd5 Qxd5
8. exd5 Nf6 9. Nc3 a6 10. h3 b6 11. Bg5 Ng8 12. f3 h6 13. Bf4 Ra7 14. O-O-O d6
15. Re1+ Kd8 16. Ne4 Ne7 17. Nxc5 bxc5 18. Bc4 Bb7 19. Rd1 Re8 20. Rhe1 g5 21.
Bg3 Kd7 22. h4 Raa8 23. hxg5 hxg5 24. Bf2 Ng8 25. Re2 Rxe2 26. Bxe2 Re8 27. Bc4
Nf6 28. Bb3 Re2 29. Rd2 Rxd2 30. Kxd2 Bxd5 31. Ba4+ Bc6 32. Bb3 Ke7 33. Be3 g4
34. Ke2 gxf3+ 35. gxf3 Bd5 36. c4 Bc6 37. a3 Nd7 38. Bc2 Ke6 39. b3 d5 40. Bd3
d4 41. Bf4 f5 42. Bxc7 Ne5 43. Bxe5 Kxe5 44. Kf2 Kf4 45. Be2 a5 46. a4 Bb7 47.
Bd1 d3 48. Kg2 Ke3 49. Kf1 Kd2 50. Kf2 Kxd1 51. Ke3 d2 52. Kf4 Ke2 53. Kxf5 d1=Q
54. f4 Qd3+ 55. Kg5 Qd6 56. f5 Qf8 57. f6 Ke3 58. Kg6 Ke4 59. f7 Ke5 {White
resigns} 0-1